 Dungeon Crawl Stone Soup version 0.20-a0-848-g73d9be0 (webtiles) character file.

3304 Alarkh the Slasher (level 9, 0/69 HPs)
             Began as a Demonspawn Fighter on Mar 9, 2017.
             Was a Believer of Okawaru.
             Killed by divine providence
             ... invoked by an orc priest
              (10 damage)
             ... on level 8 of the Dungeon.
             The game lasted 00:11:41 (8480 turns).

Alarkh the Slasher (Demonspawn Fighter)             Turns: 8480, Time: 00:11:42

Health: 0/69       AC: 11    Str: 17    XL:     9   Next: 70%
Magic:  9/9        EV: 10    Int: 20    God:    Okawaru [**....]
Gold:   399        SH: 10    Dex: 15    Spells: 8/8 levels left

rFire    . . .     SeeInvis +   a - +0 long sword
rCold    . . .     Gourm    .   B - +2 scale mail {rPois}
rNeg     . . .     Faith    .   c - +0 shield
rPois    +         Spirit   .   o - +2 hat
rElec    +         Reflect  .   (no cloak)
rCorr    .         Harm     .   (no gloves)
MR       .....                  (no boots)
Stlth    +.........             t - amulet "Nileuf" {+Rage rElec rPois Str-5 Int+8}
Regen    0.3/turn               (no ring)
MPRegen  0.2/turn               v - ring "Xucw" {Str+5 SInv}

@: about to teleport
A: horns 1, agile 1, nightstalker 1, powered by death 1
a: Heroism, Renounce Religion, Evoke Berserk Rage


You were on level 8 of the Dungeon.
You worshipped Okawaru.
Okawaru was pleased with you.
You were not hungry.

You visited 2 branches of the dungeon, and saw 10 of its levels.

You collected 399 gold pieces.

Inventory:

Hand Weapons
 a - a +0 long sword (weapon)
Armour
 b - a +0 scale mail
 c - a +0 shield (worn)
 i - a +2 robe of the Archmagi
 o - a +2 hat (worn)
 A - a +2 robe of cold resistance
 B - a +2 scale mail of poison resistance (worn)
Jewellery
 p - an uncursed amulet of the gourmand
 t - the amulet "Nileuf" (around neck) {+Rage rElec rPois Str-5 Int+8}
   (You found it on level 4 of the Dungeon)

   [amulet of rage]

   It affects your strength (-5).
   It affects your intelligence (+8).
   It insulates you from electricity.
   It protects you from poison.
   It lets you go berserk.
 v - the ring "Xucw" (left hand) {Str+5 SInv}
   (You found it on level 5 of the Dungeon)

   [ring of strength]

   It affects your strength (+5).
   It lets you see invisible.
Wands
 x - a wand of paralysis (16/24)
Scrolls
 d - a scroll of fog {unknown}
 e - a scroll of identify
 g - a scroll of magic mapping {unknown}
 k - 5 scrolls of remove curse
 r - 2 scrolls of amnesia
 y - 2 scrolls of immolation {unknown}
 z - 2 scrolls of noise {unknown}
 D - a scroll of enchant armour {unknown}
Potions
 j - a potion of lignification
 n - a potion of resistance
 q - 3 potions of curing
 s - a potion of cancellation
 w - a potion of ambrosia {unknown}
Comestibles
 f - 9 bread rations
 h - 4 fruits
 l - 8 meat rations
 u - 2 royal jellies
 C - 4 chunks of flesh


   Skills:
 + Level 6.2 Fighting
 * Level 7.7 Long Blades
 + Level 5.7 Armour
 + Level 4.9 Dodging
 + Level 5.7 Shields


You had 8 spell levels left.
You didn't know any spells.

Dungeon Overview and Level Annotations

Branches:
Dungeon (9/15)             Temple (1/1) D:4
   Lair: D:8-11         Orc: D:9-12

Altars:
Ashenzari
Cheibriados
Dithmenos
Elyvilon
Fedhas
Gozag
Hepliaklqana
Kikubaaqudgha
Makhleb
Nemelex Xobeh
Okawaru
Qazlal
Ru
Sif Muna
Trog
Xom
Yredelemnul
Zin
The Shining One

Shops:
D:7 }


Innate Abilities, Weirdness & Mutations

You have a pair of small horns on your head.
You are slightly more attuned to the shadows.
You regenerate a little health from kills.
You are agile. (Dex +2)


Message History

You hear the roar of battle.
There is an entrance to a bailey on this level.
Hurry and find it before the portal closes forever!
You hear the steady creaking of a very distant portcullis.
You block the orc warrior's attack.
The orc priest calls down the wrath of Beogh upon you.
Beogh smites you!
* * * LOW HITPOINT WARNING * * *
There is a stone staircase leading down here.
As you read the scroll labeled BAEP SIF FETAG, it crumbles to dust.
It is a scroll of amnesia.
You feel forgetful for a moment.
The orc warrior hits you but does no damage.
The orc priest invokes the aid of Beogh against you.
Beogh smites you!
* * * LOW HITPOINT WARNING * * *
As you read the scroll of teleportation, it crumbles to dust.
You feel strangely unstable. You block the orc warrior's attack.
The orc priest invokes the aid of Beogh against you.
Beogh smites you!
You die...

.#.###..#
#รท...._..._.
......##.#
#.###........
..........#.#
#.####.##
....######.. #o#
.. ............#
#$#
.......###..#
#o# .......# #
#o# ......##
#.#### ....#.#
#@...# ....#.#
##.....|###.#
.####.##.......%
.#
.........##.....
..
.######.........
#
................
.####....#....##
.#......)......
.......))......


You could see an orc warrior, an orc priest and an orc.

Vanquished Creatures
  Grinder (D:6)
  Prince Ribbit (D:5)
  A hippogriff (D:8)
  Sigmund (D:5)
  Eustachio (D:6)
  A hungry ghost (D:7)
  Menkaure (D:5)
  An orc warrior (D:6)
  2 ice beasts
  4 centaurs
  A phantom (D:8)
  3 ogres
  A big kobold (D:8)
  A wyvern zombie (D:6)
  2 bullfrogs
  2 scorpions
  A centaur zombie (D:7)
  3 crimson imps
  4 hounds
  An orc priest (D:6)
  5 orc wizards
  3 bullfrog skeletons
  A centaur skeleton (D:8)
  Terence (D:3)
  2 worker ants
  A howler monkey skeleton (D:5)
  4 gnolls (D:5)
  10 adders
  3 shadow imps
  An adder zombie (D:5)
  An adder skeleton (D:8)
  3 worms
  4 dart slugs
  3 leopard geckos
  17 orcs
  4 bats
  6 giant cockroaches
  5 hobgoblins
  3 jackals (D:1)
  3 quokkas
  3 ball pythons
  6 frilled lizards
  10 goblins
  13 kobolds
  6 rats
151 creatures vanquished.

Notes
Turn   | Place    | Note
-------+----------+-------------------------------------------
     0 | D:1      | Alarkh the Demonspawn Fighter began the quest for the Orb.
     0 | D:1      | Reached XP level 1. HP: 18/18 MP: 1/1
     8 | D:1      | Reached skill level 2 in Long Blades
   162 | D:1      | Gained mutation: You regenerate a little health from kills. [demonic ancestry]
   162 | D:1      | Reached XP level 2. HP: 24/24 MP: 2/2
   606 | D:1      | Reached XP level 3. HP: 29/29 MP: 3/3
   787 | D:2      | Found a blossoming altar of Fedhas.
  1146 | D:2      | Reached skill level 3 in Long Blades
  1204 | D:2      | Reached XP level 4. HP: 35/35 MP: 4/4
  2014 | D:3      | Found a bloodstained altar of Trog.
  2097 | D:3      | Reached skill level 1 in Dodging
  2169 | D:3      | Noticed Terence
  2241 | D:3      | Found a sparkling altar of Nemelex Xobeh.
  2328 | D:3      | Killed Terence
  2328 | D:3      | Gained mutation: You are slightly more attuned to the shadows. [demonic ancestry]
  2328 | D:3      | Reached XP level 5. HP: 39/41 MP: 5/5
  2573 | D:4      | Found a snail-covered altar of Cheibriados.
  2616 | D:4      | Noticed a centaur
  2631 | D:4      | Killed a centaur
  2838 | D:4      | Reached XP level 6. HP: 36/48 MP: 6/6
  2926 | D:4      | Got a vibrating diamond amulet
  2943 | D:4      | Found a staircase to the Ecumenical Temple.
  3326 | Temple   | Entered the Ecumenical Temple
  3641 | D:4      | Gained mutation: You have a pair of small antennae on your head. [potion of mutation]
  3641 | D:4      | Gained mutation: You are agile. (Dex +2) [potion of mutation]
  3885 | D:5      | Entered Level 5 of the Dungeon
  3885 | D:5      | Noticed Sigmund
  3900 | D:4      | Reached skill level 4 in Long Blades
  3951 | D:4      | Identified the amulet "Nileuf" {+Rage rElec rPois Str-5 Int+8} (You found it on level 4 of the Dungeon)
  4448 | D:5      | Killed Sigmund
  4448 | D:5      | Reached XP level 7. HP: 54/54 MP: 7/7
  4590 | D:5      | Noticed Prince Ribbit
  4857 | D:5      | Killed Prince Ribbit
  4857 | D:5      | Reached skill level 5 in Long Blades
  4941 | D:5      | Found a white marble altar of Elyvilon.
  5102 | D:5      | Lost mutation: You have a pair of small antennae on your head. [demonic ancestry]
  5102 | D:5      | Gained mutation: You have a pair of small horns on your head. [demonic ancestry]
  5102 | D:5      | Reached XP level 8. HP: 57/61 MP: 8/8
  5179 | D:5      | Found a white marble altar of Elyvilon.
  5262 | D:5      | Noticed Menkaure
  5271 | D:5      | Killed Menkaure
  5282 | D:5      | Got a flickering amber ring
  5283 | D:5      | Identified the ring "Xucw" {Str+5 SInv} (You found it on level 5 of the Dungeon)
  5421 | D:5      | Found an iron altar of Okawaru.
  5428 | D:5      | Became a worshipper of Warmaster Okawaru
  5815 | D:6      | Reached skill level 5 in Fighting
  6145 | D:6      | Noticed Eustachio
  6158 | D:6      | Killed Eustachio
  6158 | D:6      | Reached skill level 6 in Long Blades
  6649 | D:6      | Noticed Grinder
  6666 | D:6      | Killed Grinder
  6666 | D:6      | Reached * piety under Okawaru
  6666 | D:6      | Reached skill level 5 in Armour
  6666 | D:6      | Reached skill level 5 in Shields
  6842 | D:6      | Reached XP level 9. HP: 46/68 MP: 9/9
  7253 | D:7      | Found a stormy altar of Qazlal.
  7264 | D:7      | Found Doleov's Gadget Shop.
  7431 | D:7      | Found a shadowy altar of Dithmenos.
  7551 | D:7      | Reached skill level 7 in Long Blades
  7690 | D:7      | Found a glowing silver altar of Zin.
  8191 | D:8      | Reached ** piety under Okawaru
  8345 | D:8      | Found a shimmering altar of Xom.
  8345 | D:8      | Found a shimmering altar of Xom.
  8346 | D:8      | Found a shimmering altar of Xom.
  8347 | D:8      | Found a shimmering altar of Xom.
  8361 | D:8      | Found a shimmering altar of Xom.
  8480 | D:8      | Killed from afar by an orc priest

Vault maps used:
D:1:      sevenhm_arrival_forest_fort_small_4
D:2:      fedhas_altar_3
D:3:      nicolae_overflow_crystal_walls, first_bread,
          nemelex_diamond_rough_becter, uniq_terence
D:4:      lemuel_round_altar, minmay_temple_entry_mist
D:5:      okawaru_metal_pillars_1_2, elyvilon_altar_5, basic_altar,
          mrwooster_statue_mirror, grunt_ministairs_7, uniq_menkaure,
          uniq_sigmund, uniq_prince_ribbit1
D:6:      uniq_grinder, uniq_eustachio
D:7:      zin_academy, lemuel_doored_altar, serial_shops, shop, grunt_ogre_cave,
          lemuel_tele_altar
D:8:      kennysheep_little_box, old_standard_altar, vehumet_altar_wand_db,
          nicolae_xom_altar_mimics, enter_bailey_3
D:9:      kennysheep_spiral_hall, minmay_holes
Temple:   chequers_temple_sunken

Skill      XL: |  1  2  3  4  5  6  7  8  9 |
---------------+----------------------------+-----
Long Blades    | 2 3 4 5 6 7 |  7.7
Shields        | 3 4 5 |  5.7
Armour         | 3 4 5 |  5.7
Dodging        | 1 2 3 4 |  4.9
Fighting       | 4 5 6 |  6.2

Action                   |  1- 3 |  4- 6 |  7- 9 || total
-------------------------+-------+-------+-------++-------
Melee: Long sword        |   147 |   185 |   302 ||   634
       Headbutt          |       |       |    67 ||    67
       Unarmed           |       |       |     8 ||     8
Invok: Heroism           |       |       |     3 ||     3
 Abil: Evoke Berserk Rag |       |     2 |    10 ||    12
  Use: Potion            |     3 |     9 |       ||    12
       Scroll            |       |     6 |     7 ||    13
 Stab: Sleeping          |       |       |     5 ||     5
  Eat: Chunk             |     1 |    19 |    19 ||    39
Armor: Scale mail        |    66 |   100 |    69 ||   235
       Robe              |       |     9 |    49 ||    58
Dodge: Dodged            |    50 |    61 |   161 ||   272
Block: Shield            |    76 |   101 |   190 ||   367
       Rpst.: Long sword |    15 |    20 |    50 ||    85
